 Dungeon Crawl Stone Soup version 0.22-a0-3-g4fa69d9 (webtiles) character file.

26 mopl the Grave Robber (level 2, -2/23 HPs)
             Began as a Demonspawn Wanderer on Jan 1, 2018.
             Slain by a kobold
             ... wielding a +0 short sword
              (3 damage)
             ... on level 2 of the Dungeon.
             The game lasted 00:01:45 (1292 turns).

mopl the Grave Robber (Demonspawn Wanderer)         Turns: 1292, Time: 00:01:45

Health: -2/23      AC:  3    Str: 12    XL:     2   Next: 89%
Magic:  15/15      EV: 13    Int: 11    God:
Gold:   32         SH:  0    Dex: 14    Spells: 7/7 levels left

rFire    . . .     SeeInvis .   h - +0 mace
rCold    . . .     Gourm    .   (no shield)
rNeg     . . .     Faith    .   d - +0 robe
rPois    .         Spirit   .   (no helmet)
rElec    .         Reflect  .   (no cloak)
rCorr    .         Harm     .   l - +0 pair of gloves
MR       .....                  (no boots)
Stlth    +.........             (no amulet)
HPRegen  0.07/turn              o - ring of magical power
MPRegen  0.14/turn              (no ring)

@: no status effects
A: repulsion field 1
a: no special abilities


You were on level 2 of the Dungeon.
You were very hungry.

You visited 1 branch of the dungeon, and saw 2 of its levels.

You collected 32 gold pieces.

Inventory:

Hand Weapons
 e - a +0 dagger
 h - a +0 mace (weapon)
Armour
 d - a +0 robe (worn)
 l - a +0 pair of gloves (worn)
Jewellery
 o - a ring of magical power (left hand)
Scrolls
 g - 2 scrolls of immolation {unknown}
 i - 2 scrolls of remove curse {unknown}
 m - a scroll of enchant weapon {unknown}
Potions
 j - a potion of mutation {unknown}
 n - a potion of degeneration {unknown}
Books
 a - a book of Minor Magic

   Spells                             Type                      Level
   a - Magic Dart                     Conjuration                  1
   b - Blink                          Translocation                2
   c - Call Imp                       Summoning                    2
   d - Slow                           Hexes                        2
   e - Conjure Flame                  Conjuration/Fire             3
   f - Mephitic Cloud                 Conjuration/Poison/Air       3
 b - the Disquisition on Venom

   Spells                             Type                      Level
   a - Sting                          Conjuration/Poison           1
   b - Spider Form                    Transmutation/Poison         3
 c - the Almanac of Black Rituals

   Spells                             Type                      Level
   a - Corpse Rot                     Necromancy                   2
   b - Sublimation of Blood           Necromancy                   2
Comestibles
 f - a ration


   Skills:
 + Level 2.6 Fighting
 - Level 1.0 Throwing
 - Level 3.0 Spellcasting
   Level 4.3 Necromancy
   Level 1.0 Fire Magic
   Level 1.0 Evocations


You had 7 spell levels left.
You didn't know any spells.

Dungeon Overview and Level Annotations

Branches:
Dungeon (2/15)

Altars:
Xom


Innate Abilities, Weirdness & Mutations

You are surrounded by a mild repulsion field. (EV +2)


Message History

You hit the frilled lizard.
You kill the frilled lizard!
You hit the kobold but do no damage. The kobold completely misses you.
The kobold hits you with a short sword.
* * * LOW HITPOINT WARNING * * *
You sock the kobold!
You kill the kobold!
The kobold hits you but does no damage.
You hit the kobold but do no damage. The kobold hits you with a short sword.
* * * LOW HITPOINT WARNING * * *
You hit the kobold.
The kobold is heavily wounded.
The kobold closely misses you. The kobold hits you but does no damage.
You miss the kobold.
The kobold is heavily wounded.
The kobold misses you.
You closely miss the kobold.
The kobold is heavily wounded.
The kobold hits you with a short sword.
You die...

.....#
#..... ..
#....#
...##.?.%#
.........# .
...K.....#
... #..#
.....####(.#
.......@K..#
###.#####<.#
#..# ?..#
#..## #..#
#..# #..#
#...


You could see a kobold.

Vanquished Creatures
  2 oozes (D:1)
  A dart slug (D:1)
  3 bats (D:1)
  2 giant cockroaches (D:1)
  A goblin (D:1)
  A frilled lizard (D:2)
  3 kobolds
  5 rats (D:1)
18 creatures vanquished.

Notes
Turn   | Place    | Note
-------+----------+-------------------------------------------
     0 | D:1      | mopl the Demonspawn Wanderer began the quest for the Orb.
     0 | D:1      | mopl set off with: a book of Minor Magic, the Disquisition on Venom, the Almanac of Black Rituals, a +0 robe, a +0 dagger, a ration
     0 | D:1      | Reached XP level 1. HP: 13/13 MP: 4/4
     0 | D:1      | Identified the Disquisition on Venom
     0 | D:1      | Identified the Almanac of Black Rituals
    71 | D:1      | Reached skill level 1 in Fighting
   355 | D:1      | Gained mutation: You are surrounded by a mild repulsion field. (EV +2) [demonic ancestry]
   355 | D:1      | Reached XP level 2. HP: 19/22 MP: 6/6
   393 | D:1      | Reached skill level 2 in Fighting
  1045 | D:1      | Found an ornate altar of the Wu Jian Council.
  1047 | D:1      | Found a blossoming altar of Fedhas.
  1047 | D:1      | Found an ornate altar of the Wu Jian Council.
  1049 | D:1      | Found a shimmering altar of Xom.
  1049 | D:1      | Found a stormy altar of Qazlal.
  1049 | D:1      | Found a deep blue altar of Sif Muna.
  1289 | D:2      | HP: 1/23 [kobold/short sword (3)]
  1292 | D:2      | Slain by a kobold

Vault maps used:
D:1:      onia_arrival_mini_maze, doesnt_xom_only_xom
D:2:      grunt_temple_overflow_gold_and_silver, first_ration,
          minmay_strange_pillars

Skill      XL: |  1  2 |
---------------+-------+-----
Fighting       | 1 2 |  2.6
Throwing       | |  1.0
Spellcasting   | |  3.0
Necromancy     | |  4.3
Fire Magic     | |  1.0
Evocations     | |  1.0

Action                   || total
-------------------------++-------
Melee: Dagger            ||    17
       Mace              ||    59
 Stab: Sleeping          ||     2
Armor: Robe              ||    33
Dodge: Dodged            ||    79

Table legend:
 A = Spawn XP
 B = Non-spawn XP
 C = Spawn XP percentage of total XP
 D = Spawn monster count
 E = Non-spawn monster count
 F = Spawn count percentage of total count
 G = Total turns spent on level
                    A         B        C        D         E        F      G
               +---------+---------+-------+---------+---------+-------+---------
         Total |       0 |      38 |   0.0 |       0 |      18 |   0.0 |  1292
               +---------+---------+-------+---------+---------+-------+---------
           D:1 |       0 |      36 |   0.0 |       0 |      16 |   0.0 |  1274
           D:2 |       0 |       2 |   0.0 |       0 |       2 |   0.0 |    18
               +---------+---------+-------+---------+---------+-------+---------
